 Dungeon Sprint DCSS version 0.23-a0-136-g722f094 (webtiles) character file.

2806 Kidiri the Eclecticist (level 9, -2/54 HPs)
             Began as a Deep Elf Fire Elementalist on Aug 28, 2018.
             Was an Elder of Vehumet.
             Slain by a two-headed ogre
             ... wielding a +0 giant club
              (19 damage)
             ... in the Dungeon (Sprint III: "The Ten Rune Challenge").
             The game lasted 00:07:10 (1366 turns).

Kidiri the Eclecticist (Deep Elf Fire Elementalist) Turns: 1366, Time: 00:07:11

Health: -2/54      AC:  2    Str:  5    XL:     9   Next: 44%
Magic:  16/30      EV: 17    Int: 24    God:    Vehumet [****..]
Gold:   48         SH:  0    Dex: 13    Spells: 16/38 levels left

rFire    . . .     SeeInvis .   j - +0 dagger
rCold    . . .     Gourm    .   (no shield)
rNeg     . . .     Faith    .   a - +0 robe
rPois    .         Spirit   .   (helmet restricted)
rElec    .         Reflect  .   (no cloak)
rCorr    .         Harm     .   (no gloves)
MR       .....     NoTele   +   (no boots)
Stlth    ++........             (no amulet)
HPRegen  0.18/turn              (no ring)
MPRegen  0.22/turn              (no ring)

@: no status effects
A: antennae 1, clumsy 1, mutation resistance 1
a: Renounce Religion


You were in the Dungeon.
You worshipped Vehumet.
Vehumet was greatly pleased with you.
You were hungry.

You visited 1 branch You collected 48 gold pieces.

Inventory:

Hand Weapons
 j - a +0 dagger (weapon)
Armour
 a - a +0 robe (worn)
Scrolls
 i - a scroll of blinking
 k - a scroll of holy word
 l - a scroll of fear {unknown}
 m - 4 scrolls of remove curse
 o - a scroll of torment {unknown}
Potions
 e - 2 potions of heal wounds
 g - 2 potions of magic
 h - a potion of berserk rage
 n - 2 potions of flight
Comestibles
 c - 4 rations


   Skills:
 + Level 5.6 Fighting
 + Level 6.9 Short Blades
 + Level 5.6 Armour
 + Level 8.4 Dodging
 - Level 2.4 Stealth
 * Level 15.4 Spellcasting
 + Level 9.5 Conjurations
 + Level 10.1 Fire Magic
 + Level 0.0 Ice Magic


You had 16 spell levels left.
You knew the following spells:

 Your Spells              Type           Power        Failure   Level  Hunger
a - Flame Tongue          Conj/Fire      #####        1%          1    None
b - Throw Flame           Conj/Fire      ######       1%          2    None
c - Conjure Flame         Conj/Fire      ######..     1%          3    None
d - Inner Flame           Hex/Fire       #####...     1%          3    None
e - Sticky Flame          Conj/Fire      ######..     1%          4    None
f - Fireball              Conj/Fire      ######....   1%          5    ##.....
g - Throw Icicle          Conj/Ice       #####...     1%          4    None

Your spell library contained the following spells:

 Spells                   Type           Power        Failure   Level  Hunger
 Malign Gateway           Summ/Tloc      ###.......   100%        7    ######.
 Monstrous Menagerie      Summ           ###.......   100%        7    ######.
 Summon Greater Demon     Summ           ###.......   100%        7    ######.
 Summon Horrible Things   Summ           ###.......   100%        8    #######


Dungeon Overview and Level Annotations

Branches:
Dungeon (1/1)

Altars:
Cheibriados
Dithmenos
Elyvilon
Fedhas
Gozag
Hepliaklqana
Kikubaaqudgha
Makhleb
Nemelex Xobeh
Okawaru
Qazlal
Ru
Sif Muna
Trog
Uskayaw
Vehumet
Wu Jian
Xom
Yredelemnul
Zin
The Shining One
Beogh
Jiyva
Lugonu

Annotations:
D exclusion: door


Innate Abilities, Weirdness & Mutations

You have a pair of small antennae on your head.
You are clumsy. (Dex -2)
You are somewhat resistant to further mutation.


Message History

The shard of ice hits the two-headed ogre.
The two-headed ogre is heavily wounded.
Casting: Throw Icicle (safe; 1% risk of failure)
Confirm with . or Enter, or press ? or * to list all spells.
Aiming: Throw Icicle (safe; 1% risk of failure)
Press: ? - help, Shift-Dir - straight line, f/p - two-headed ogre
Aim: a two-headed ogre, wielding a giant club and a giant spiked club (heavily The shard of ice hits the two-headed ogre.
The two-headed ogre is severely wounded.
Casting: Throw Icicle (safe; 1% risk of failure)
Confirm with . or Enter, or press ? or * to list all spells.
Aiming: Sticky Flame (safe; 1% risk of failure)
Press: ? - help, Shift-Dir - straight line, f/p - two-headed ogre
Aim: a two-headed ogre, wielding a giant club and a giant spiked club (severely The sticky flame hits the two-headed ogre.
The two-headed ogre is severely wounded.
The two-headed ogre is covered in liquid flames!
The two-headed ogre burns!
The two-headed ogre barely misses you.
The two-headed ogre hits you with a giant spiked club!!
You die...

#._# #+## ...# ...# ##'#
...#+##############
...#....#.#.#...†.#
...##.#).#.##)###.#
...'##.#)#.##)#.@##
...#...#..#†.##..O......
▓▓▓▓▓▓▓▓▓▓▓▓▓▓▓▓▓#......
{ { { ...... ..... .....
####


You could see a two-headed ogre (burning).

Vanquished Creatures
  Erolcha (D)
  A deep elf mage (D)
  2 redbacks (D)
  A shadow (D)
  A spatial vortex (D)
  A necrophage (D)
  4 two-headed ogres (D)
  A water elemental (D)
  A jelly (D)
  A wizard (D)
  Jessica (D)
  A necromancer (D)
  3 humans (D)
  A kobold demonologist (D)
  A wolf (D)
  An ooze (D)
  2 rats (D)
24 creatures vanquished.

Vanquished Creatures (others)
  2 draconian scorchers (D)
  6 hellions (D)
  A yaktaur (D)
  6 plants (D)
15 creatures vanquished.

Grand Total: 39 creatures vanquished

Notes
Turn   | Place    | Note
-------+----------+-------------------------------------------
     0 | D        | Kidiri the Deep Elf Fire Elementalist began the quest for
                  | the Orb.
     0 | D        | Reached XP level 1. HP: 10/10 MP: 6/6
    10 | D        | Reached skill level 4 in Spellcasting
    74 | D        | Noticed Jessica
    79 | D        | Killed Jessica
    79 | D        | Reached skill level 6 in Spellcasting
    79 | D        | Reached XP level 2. HP: 15/15 MP: 4/11
    79 | D        | Reached XP level 3. HP: 19/19 MP: 4/12
    79 | D        | Killed a yaktaur
    83 | D        | Learned a level 2 spell: Throw Flame
    86 | D        | Killed a hellion
    87 | D        | Learned a level 3 spell: Conjure Flame
    89 | D        | Killed a hellion
    91 | D        | Learned a level 3 spell: Inner Flame
   166 | D        | Reached skill level 7 in Spellcasting
   166 | D        | Reached skill level 5 in Fire Magic
   197 | D        | Killed a hellion
   197 | D        | Killed a hellion
   215 | D        | Killed a white draconian scorcher
   254 | D        | Killed a white draconian scorcher
   273 | D        | Gained mutation: Your body sometimes deteriorates upon
                  | taking damage. [potion of mutation]
   273 | D        | Gained mutation: Your flesh is heat resistant. (rF+)
                  | [potion of mutation]
   274 | D        | Lost mutation: Your body sometimes deteriorates upon taking
                  | damage. [potion of mutation]
   274 | D        | Lost mutation: Your flesh is heat resistant. (rF+) [potion
                  | of mutation]
   274 | D        | Gained mutation: Your magical capacity is low. (-10% MP)
                  | [potion of mutation]
   274 | D        | Gained mutation: You expend magic power (3 MP) to
                  | strengthen your wands. [potion of mutation]
   275 | D        | Lost mutation: You expend magic power (3 MP) to strengthen
                  | your wands. [potion of mutation]
   275 | D        | Lost mutation: Your magical capacity is low. (-10% MP)
                  | [potion of mutation]
   275 | D        | Gained mutation: You are resistant to hostile enchantments.
                  | (MR+) [potion of mutation]
   275 | D        | Gained mutation: Your flesh is heat resistant. (rF+)
                  | [potion of mutation]
   276 | D        | Lost mutation: You are resistant to hostile enchantments.
                  | (MR+) [potion of mutation]
   276 | D        | Lost mutation: Your flesh is heat resistant. (rF+) [potion
                  | of mutation]
   276 | D        | Gained mutation: You have sharp toenails. [potion of
                  | mutation]
   276 | D        | Gained mutation: You are dopey. (Int -2) [potion of
                  | mutation]
   276 | D        | Gained mutation: Your flesh is heat resistant. (rF+)
                  | [potion of mutation]
   276 | D        | Gained mutation: You have a pair of small antennae on your
                  | head. [potion of mutation]
   277 | D        | Lost mutation: Your flesh is heat resistant. (rF+) [potion
                  | of mutation]
   277 | D        | Lost mutation: You are dopey. (Int -2) [potion of mutation]
   277 | D        | Gained mutation: You are somewhat resistant to further
                  | mutation. [potion of mutation]
   277 | D        | Gained mutation: You are clumsy. (Dex -2) [potion of
                  | mutation]
   278 | D        | Lost mutation: You have sharp toenails. [potion of
                  | mutation]
   344 | D        | Noticed a water elemental
   347 | D        | Killed a water elemental
   347 | D        | Reached skill level 9 in Spellcasting
   347 | D        | Reached skill level 5 in Conjurations
   347 | D        | Reached XP level 4. HP: 24/24 MP: 9/17
   354 | D        | Learned a level 4 spell: Sticky Flame
   396 | D        | Found a radiant altar of Vehumet.
   397 | D        | Found a deep blue altar of Sif Muna.
   397 | D        | Found an ancient bone altar of Kikubaaqudgha.
   397 | D        | Noticed a wizard
   399 | D        | Noticed a hellwing
   399 | D        | Killed a wizard
   399 | D        | Reached XP level 5. HP: 28/28 MP: 13/19
   402 | D        | Reached skill level 10 in Spellcasting
   417 | D        | Learned a level 5 spell: Fireball
   421 | D        | Became a worshipper of Vehumet
   461 | D        | Killed a hellion
   523 | D        | Killed a hellion
   532 | D        | Found a glowing silver altar of Zin.
   533 | D        | Found a glowing golden altar of the Shining One.
   533 | D        | Found a white marble altar of Elyvilon.
   533 | D        | Noticed a deep elf mage
   538 | D        | Killed a deep elf mage
   538 | D        | Reached skill level 5 in Dodging
   538 | D        | Reached skill level 12 in Spellcasting
   538 | D        | Reached XP level 6. HP: 27/37 MP: 8/23
   538 | D        | Reached XP level 7. HP: 30/41 MP: 8/24
   622 | D        | Found a hide-covered altar of Uskayaw.
   622 | D        | Found a roughly hewn altar of Beogh.
   622 | D        | Found an iron altar of Okawaru.
   622 | D        | Found a bloodstained altar of Trog.
   622 | D        | Found an ornate altar of the Wu Jian Council.
   622 | D        | Noticed a human
   622 | D        | Noticed a human
   626 | D        | Killed a human
   627 | D        | Killed a human
   627 | D        | Reached * piety under Vehumet
   627 | D        | Offered knowledge of Sandblast by Vehumet.
   627 | D        | Reached skill level 13 in Spellcasting
   723 | D        | Found a basalt altar of Yredelemnul.
   723 | D        | Found a shadowy altar of Dithmenos.
   723 | D        | Found a sacrificial altar of Ru.
   761 | D        | Reached XP level 8. HP: 48/48 MP: 18/27
   808 | D        | Reached ** piety under Vehumet
   808 | D        | Offered knowledge of Freeze by Vehumet.
   808 | D        | Reached skill level 5 in Short Blades
   853 | D        | Found a blossoming altar of Fedhas.
   853 | D        | Found a stormy altar of Qazlal.
   853 | D        | Found a snail-covered altar of Cheibriados.
   853 | D        | Found a burning altar of Makhleb.
   853 | D        | Found a shimmering altar of Xom.
   854 | D        | Found a hazy altar of Hepliaklqana.
   854 | D        | Found an opulent altar of Gozag.
   854 | D        | Found a sparkling altar of Nemelex Xobeh.
   854 | D        | Found a corrupted altar of Lugonu.
   854 | D        | Found a viscous altar of Jiyva.
   961 | D        | Reached *** piety under Vehumet
   962 | D        | Reached skill level 14 in Spellcasting
  1067 | D        | Noticed a two-headed ogre
  1073 | D        | Killed a two-headed ogre
  1073 | D        | Offered knowledge of Dazzling Spray by Vehumet.
  1149 | D        | Noticed a two-headed ogre
  1149 | D        | Noticed Erolcha
  1158 | D        | Killed Erolcha
  1158 | D        | Reached skill level 5 in Fighting
  1158 | D        | Reached skill level 5 in Armour
  1158 | D        | Reached skill level 15 in Spellcasting
  1158 | D        | Reached XP level 9. HP: 25/54 MP: 26/30
  1195 | D        | Reached skill level 10 in Fire Magic
  1292 | D        | Offered knowledge of Throw Icicle by Vehumet.
  1292 | D        | Reached **** piety under Vehumet
  1298 | D        | Learned a level 4 spell: Throw Icicle
  1366 | D        | Slain by a two-headed ogre

Vault maps used:
D:        dungeon_sprint_mu

Skill      XL: |  1  2  3  4  5  6  7  8  9 |
---------------+----------------------------+-----
Spellcasting   | 6 9 12 13 15 | 15.4
Conjurations   | 3 5 7 9 |  9.5
Fire Magic     | 4 6 8 9 10 | 10.1
Fighting       | 3 4 5 |  5.6
Short Blades   | 4 6 |  6.9
Armour         | 3 5 |  5.6
Dodging        | 5 6 8 |  8.4
Stealth        | |  2.4

Action                   |  1- 3 |  4- 6 |  7- 9 || total
-------------------------+-------+-------+-------++-------
 Cast: Flame Tongue      |    21 |     6 |    32 ||    59
       Conjure Flame     |     1 |       |     5 ||     6
       Throw Flame       |     1 |       |     1 ||     2
       Sticky Flame      |       |     4 |    10 ||    14
       Fireball          |       |       |     2 ||     2
       Inner Flame       |       |       |     5 ||     5
       Throw Icicle      |       |       |     2 ||     2
  Use: Potion            |     6 |       |     2 ||     8
       Scroll            |     2 |       |       ||     2
  Eat: Chunk             |       |       |     1 ||     1
Armor: Robe              |       |     1 |       ||     1
Dodge: Dodged            |     2 |     4 |    17 ||    23

Table legend:
 A = Non-vault XP
 B = Vault XP
 C = Vault XP percentage of total XP
 D = Non-vault monster count
 E = Vault monster count
 F = Vault count percentage of total count
                 A         B        C        D         E       F
            +---------+---------+-------+---------+---------+-------
      Total |       0 |    4009 | 100.0 |       0 |      24 | 100.0
            +---------+---------+-------+---------+---------+-------
          D |       0 |    4009 | 100.0 |       0 |      24 | 100.0
            +---------+---------+-------+---------+---------+-------
